 Dungeon Crawl Stone Soup version 0.26-a0-576-gcfaa98f945 (webtiles) character file.

Game seed: 6631610690228848708

457 Descartes the Changer (level 7, 0/33 HPs)
             Began as a Vine Stalker Transmuter on Aug 22, 2020.
             Slain by a steam dragon (6 damage)
             ... on level 5 of the Dungeon.
             The game lasted 00:07:34 (3802 turns).

Descartes the Changer (Vine Stalker Transmuter)     Turns: 3802, Time: 00:07:34

Health: 0/33       AC: 10    Str: 15    XL:     7   Next: 6%
Magic:  0/14       EV: 11    Int: 13    God:
Gold:   225        SH:  0    Dex: 14    Spells: 11/14 levels left

rFire    . . .     SeeInvis .     - Unarmed
rCold    . . .     Faith    .   (no shield)
rNeg     . . .     Spirit   +   j - +3 ring mail
rPois    .         Reflect  .   (helmet currently unavailable)
rElec    .         Harm     .   v - +0 cloak
rCorr    +                      (no gloves)
MR       .....                  (boots currently unavailable)
Stlth    +.........             x - amulet of regeneration
HPRegen  0.91/turn              e - ring of resist corrosion
MPRegen  0.14/turn              (no ring)

@: appendages
A: fangs 2, horns 2, talons 2, regeneration 1, magic shield, antimagic bite, no
potion heal 3, rot immunity
a: End Transformation


You were on level 5 of the Dungeon.
You had grown temporary horns.
You had grown temporary talons.
You visited 1 branch of the dungeon, and saw 5 of its levels.

You collected 225 gold pieces.

Inventory:

Hand Weapons
 u - a +3 quarterstaff of chaos
Missiles
 c - 105 stones (quivered)
 f - 25 sling bullets
 l - 3 curare-tipped darts
 t - 22 arrows
 y - 4 poisoned darts
Armour
 a - a +0 robe
 j - a +3 ring mail (worn)
 q - a +0 helmet (melded)
 v - a +0 cloak (worn)
Jewellery
 e - a ring of resist corrosion (left hand)
 x - an amulet of regeneration (around neck)
Wands
 o - a wand of digging (2)
Scrolls
 b - 4 scrolls of remove curse {unknown}
 d - 4 scrolls of identify {unknown}
 g - 3 scrolls of immolation {unknown}
 h - a scroll of fog {unknown}
 i - 3 scrolls of teleportation {unknown}
 w - 2 scrolls of magic mapping {unknown}
 z - a scroll of enchant armour {unknown}
Potions
 k - a potion of berserk rage {unknown}
 m - a potion of heal wounds {unknown}
 n - a potion of resistance {unknown}
 p - a potion of lignification {unknown}
 r - a potion of stabbing {unknown}
 s - a potion of curing {unknown}


   Skills:
 + Level 1.0 Fighting
 + Level 4.0 Armour
 - Level 1.5 Dodging
 + Level 3.1 Unarmed Combat
 - Level 4.0 Spellcasting
 - Level 4.0 Transmutations


You had 11 spell levels left.
You knew the following spells:

 Your Spells              Type           Power        Failure   Level
a - Beastly Appendage     Tmut           ##....       8%          1
b - Wereblood             Tmut           ##......     11%         2

Your spell library contained the following spells:

 Spells                   Type           Power        Failure   Level
 Magic Dart               Conj           #...         36%         1
 Spider Form              Tmut/Pois      #.........   45%         3
 Searing Ray              Conj           #.....       50%         2
 Dazzling Flash           Conj/Hex       #.....       75%         3
 Ice Form                 Ice/Tmut       #.......     86%         4
 Blade Hands              Tmut           ##........   90%         5
 Fulminant Prism          Conj/Hex       #.........   98%         4
 Iskenderun's Mystic Bla  Conj/Tloc      #.......     98%         4


Dungeon Overview and Level Annotations

Branches:
Dungeon (5/15)
 Temple: D:4-7

Altars:
Ashenzari
Cheibriados
Okawaru
Zin

Shops:
D:4 (

Annotations:
D:5 1 runed translucent door, Zigma's ghost, amateur DrTm


Innate Abilities, Weirdness & Mutations

You have extremely sharp teeth.
Your natural rate of healing is unusually fast.
When hurt, damage is shared between your health and your magic reserves.
Your bite disrupts and absorbs the magic of your enemies.
Potions cannot restore your health.
You are immune to rotting.
You have a pair of horns on your head.
You have razor-sharp toenails.


Message History

You hit the steam dragon but do no damage.
You claw the steam dragon.
The steam dragon is heavily wounded.
You are engulfed in a cloud of scalding steam.
The steam dragon barely misses you. The steam dragon misses you.
You closely miss the steam dragon. Your bite misses the steam dragon.
The steam dragon is heavily wounded.
You are engulfed in a cloud of scalding steam.
The steam dragon bites you but does no damage.
The steam dragon barely misses you.
You barely miss the steam dragon.
You claw the steam dragon, but do no damage.
Your headbutt misses the steam dragon.
The steam dragon is heavily wounded.
You are engulfed in a cloud of scalding steam.
The steam dragon breathes steam at you. The ball of steam hits you!
* * * LOW HITPOINT WARNING * * *
The steam dragon bites you!
You die...

.. ###########
... #....§....#
....#.....§...#
...#.....§...#
...'.....§...#
.#.....D@..#
#.........#
###'####### #.#
#.# . #.#
....#####'######
.........>.....#
....####.......#


You could see a steam dragon (catching breath).

Vanquished Creatures
  A sky beast (D:4)
  A big kobold (D:5)
  A bullfrog zombie (D:5)
  A bullfrog skeleton (D:4)
  Crazy Yiuf (D:4)
  2 worker ants
  7 gnolls
  3 adders
  A worm (D:2)
  A leopard gecko (D:3)
  5 orcs (D:3)
  A giant cockroach (D:1)
  5 goblins
  8 hobgoblins
  10 jackals
  A ball python (D:2)
  4 bats
  3 frilled lizards
  11 kobolds
  3 rats (D:3)
70 creatures vanquished.

Notes
Turn   | Place    | Note
-------+----------+-------------------------------------------
     0 | D:1      | Descartes the Vine Stalker Transmuter began the quest for
                  | the Orb.
     0 | D:1      | Reached XP level 1. HP: 9/9 MP: 4/4
   290 | D:1      | Reached XP level 2. HP: 8/14 MP: 3/6
  1316 | D:1      | Learned a level 2 spell: Wereblood
  1370 | D:2      | Reached XP level 3. HP: 17/17 MP: 7/7
  1921 | D:3      | Gained mutation: Your natural rate of healing is unusually
                  | fast. [Vine Stalker growth]
  1921 | D:3      | Reached XP level 4. HP: 17/21 MP: 6/9
  1958 | D:3      | Reached skill level 1 in Armour
  2103 | D:3      | Found an iron altar of Okawaru.
  2292 | D:3      | Reached XP level 5. HP: 25/25 MP: 10/10
  2411 | D:3      | Found a shattered altar of Ashenzari.
  2445 | D:3      | Found a glowing silver altar of Zin.
  2666 | D:3      | Found a snail-covered altar of Cheibriados.
  2938 | D:4      | Found Veimoe's Weapon Shop.
  3135 | D:4      | Found a runed translucent door.
  3136 | D:4      | Noticed Crazy Yiuf
  3229 | D:4      | Killed Crazy Yiuf
  3229 | D:4      | Reached XP level 6. HP: 5/29 MP: 2/12
  3336 | D:5      | Entered Level 5 of the Dungeon
  3338 | D:5      | Noticed a sky beast
  3393 | D:4      | Killed a sky beast
  3700 | D:5      | Found a runed translucent door.
  3700 | D:5      | Noticed Zigma's ghost (amateur DrTm)
  3764 | D:5      | Reached skill level 1 in Fighting
  3764 | D:5      | Reached XP level 7. HP: 33/33 MP: 14/14
  3785 | D:5      | Noticed a steam dragon
  3802 | D:5      | Slain by a steam dragon

Illustrated notes

Levels and vault maps discovered:
D:1:      co_arrival_random_square_maze, layout_basic
D:2:      layout_rooms, hangedman_abyss_or_decor_stabs, minmay_strange_pillars,
          kennysheep_cross_room
D:3:      layout_loops_ring, marbit_many_paths, lemuel_round_altar,
          zin_treasury, cheibrodos_ashenzari_chains
D:4:      layout_basic, minmay_temple_entry_wispy, serial_shops, shop,
          uniq_crazy_yiuf_cottage
D:5:      layout_basic, overflow_temple_1_default, ebering_ghost_sewer_d

Skill      XL: |  1  2  3  4  5  6 |
---------------+-------------------+-----
Transmutations | 3 4 |  4.0
Armour         | 1 2 4 |  4.0
Spellcasting   | 3 4 |  4.0
Fighting       | 1 |  1.0
Dodging        | |  1.5
Unarmed Combat | |  3.1

Action                   |  1- 3 |  4- 6 |  7- 9 || total
-------------------------+-------+-------+-------++-------
Melee: Unarmed           |   100 |   213 |    12 ||   325
       Bite              |    26 |    57 |     3 ||    86
       Punch             |     2 |     5 |       ||     7
       Headbutt          |       |     6 |     1 ||     7
       Kick              |       |     7 |     4 ||    11
 Cast: Beastly Appendage |       |     4 |     1 ||     5
       Wereblood         |       |     4 |       ||     4
Armor: Robe              |     9 |       |       ||     9
       Ring mail         |    18 |    99 |    12 ||   129
Dodge: Dodged            |    64 |   121 |     8 ||   193

Table legend: (Time is in decaauts)
 A = Elapsed time spent in this place.
 B = Non-inter-level travel time spent in this place.
 C = Inter-level travel time spent in this place.
 D = Time resting spent in this place.
 E = Time spent auto-exploring this place.
 F = Levels seen in this place.
 G = Mean time per level.
                   A        B        C        D        E       F      G
               +--------+--------+--------+--------+--------+-----+--------+
         Total |   3784 |   3663 |    121 |      2 |   3073 |   5 |  756.8 |
       Dungeon |   3784 |   3663 |    121 |      2 |   3073 |   5 |  756.8 |
               +--------+--------+--------+--------+--------+-----+--------+

Top non-repeatable levels by time:
     D:1: 1358 daAuts
     D:3: 907 daAuts
     D:4: 571 daAuts
     D:2: 546 daAuts
     D:5: 399 daAuts
